 Dungeon Crawl Stone Soup version 0.14-a0-3424-g5348755 (webtiles) character file.

2589 tab2win the Carver (level 9, -4/73 HPs)
             Began as a Minotaur Fighter on Mar 22, 2014.
             Was a Priest of Okawaru.
             Slain by Grum
             ... wielding a -1,-1 glaive
              (16 damage)
             ... on Level 8 of the Dungeon.
             The game lasted 00:23:13 (6052 turns).

tab2win the Carver (Minotaur Fighter)               Turns: 6052, Time: 00:23:13

HP  -4/73        AC 12     Str 24      XL: 9   Next: 29%
MP   4/4         EV  4     Int  5      God: Okawaru [***...]
Gold 60          SH 21     Dex 10      Spells:  0 memorised,  8 levels left

rFire  . . .     SeeInvis .     a - +0 long sword
rCold  . . .     Clarity  .     F - +0 plate armour
rNeg   . . .     Conserve .     c - +0 shield
rPois  +         rCorr    .     (helmet restricted)
rElec  .         rRot     .     (no cloak)
SustAb . .       Spirit   .     (no gloves)
rMut   .         Warding  .     (no boots)
Gourm  +         Stasis   .     B - amulet of the gourmand
MR     .....                    z - ring of flight
                                A - ring of poison resistance

@: not resistant to hostile enchantments, extremely unstealthy
A: retaliatory headbutt, horns 2
a: Heroism, Renounce Religion, Evoke Flight


You were on level 8 of the Dungeon.
You worshipped Okawaru.
Okawaru was most pleased with you.
You were full.

You visited 1 branch of the dungeon, and saw 8 of its levels.

You collected 306 gold pieces.
You spent 246 gold pieces at shops.

Inventory:

Hand weapons
 a - a +0,+0 long sword (weapon)
 H - the -1,-1 long sword "Ogrebane" {holy, Str-2}
   (You bought it in a shop on level 8 of the Dungeon)

   It has been blessed by the Shining One to cause great damage to the undead
   and demons.
   It affects your strength (-2).
Missiles
 o - 5 poisoned bolts
 q - 63 bolts
Armour
 c - a +0 shield (worn)
 F - a +0 plate armour (worn)
Magical devices
 i - a wand of lightning (9)
 J - a wand of frost (4)
Comestibles
 b - an orange
 d - 5 bread rations
 g - 12 grapes
 h - 2 pears
 l - a lychee
 m - a choko
 r - 4 meat rations
 v - an apple
 E - a honeycomb
Scrolls
 f - 2 scrolls of identify
 t - a scroll of magic mapping
 u - 6 scrolls of remove curse
 y - a scroll of amnesia
 G - 2 scrolls of noise {unknown}
 I - a scroll of teleportation
Jewellery
 j - an uncursed ring of fire
 x - an uncursed amulet of stasis {unknown}
 z - a ring of flight (right hand)
 A - a ring of poison resistance (left hand)
 B - an amulet of the gourmand (around neck)
Potions
 e - 2 potions of might
 k - 9 potions of curing
 n - 2 potions of mutation
 p - 3 potions of heal wounds
 s - 2 potions of flight {unknown}
 w - a potion of restore abilities {unknown}
 C - a potion of brilliance {unknown}
 D - 2 potions of berserk rage


   Skills:
 + Level 4.8 Fighting
 * Level 13.0 Long Blades
 + Level 5.2 Armour
 - Level 1.2 Dodging
 - Level 1.0 Stealth
 + Level 5.7 Shields


You had 8 spell levels left.
You didn't know any spells.

Dungeon Overview and Level Annotations

Branches:
Dungeon (8/15)             Temple (0/1) D:7
   Lair: D:8-11

Altars:
Elyvilon
Fedhas
Kikubaaqudgha
Nemelex Xobeh
Okawaru
Trog
Vehumet
Zin
The Shining One

Shops:
D:8 (

Annotations:
D:8 Grum


Innate Abilities, Weirdness & Mutations

You reflexively headbutt those who attack you in melee.
You have a pair of horns on your head.


Message History

Grum throws a dart.
The dart hits you!
You see here a dart.
Grum throws a dart.
You block the dart.
You see here a dart.
Grum drinks a potion.
Grum seems to grow stronger.
Grum hits you with a glaive!
Your shield prevents you from hitting Grum.
You headbutt Grum, but do no damage. Grum hits you with a glaive!
You slash Grum! You headbutt Grum.
Grum is moderately wounded.
You hit Grum but do no damage.
Grum is moderately wounded.
Grum hits you with a glaive!
* * * LOW HITPOINT WARNING * * *
You barely miss Grum. You headbutt Grum, but do no damage.
Grum is moderately wounded.
You barely miss Grum. You headbutt Grum, but do no damage.
Grum is moderately wounded.
Grum hits you with a glaive!
You die...

#................#
..#..##########..#
#....####### #..###
####.......# #..#..
#######.# #.(#.# #.#
#.(#.# #.# #.(#.## #.#
#.....# #)# #.@...###
######)####..g....#
#...........[.....# ##
#.####.#.##.......# .#
##.## #.#.####....##
.###<..###.#.# #....#
.).........#># ####.#
.###.#.#####.#######.#
.###...# #....[....#


You could see Grum.

Vanquished Creatures
  2 hippogriffs (D:8)
  3 wolves (D:8)
  An orc warrior (D:8)
  A yellow wasp (D:7)
  A black bear (D:8)
  A centaur (D:8)
  3 ogres
  A scorpion (D:7)
  2 giant frogs
  A goliath beetle (D:7)
  A crimson imp (D:7)
  A giant frog zombie (D:5)
  A jelly (D:7)
  3 hounds
  3 orc priests
  10 worker ants
  3 iguanas
  5 orc wizards
  Jessica (D:3)
  A sky beast zombie (D:7)
  A hound skeleton (D:8)
  3 gnolls (D:2)
  11 adders
  An orc zombie (D:5)
  A scorpion zombie (D:8)
  2 shadow imps
  A giant mite (D:4)
  3 worms
  2 adder zombies
  A giant eyeball (D:5)
  An iguana skeleton (D:5)
  An orc skeleton (D:8)
  2 oozes
  24 orcs
  A ball python (D:3)
  A bat skeleton (D:6)
  A bat zombie (D:7)
  5 giant cockroaches
  12 goblins
  11 hobgoblins
  12 kobolds
  5 quokkas
  16 bats
  5 giant geckos
  6 giant newts
  11 jackals
  A kobold skeleton (D:4)
  15 rats
  A rat skeleton (D:4)
  A plant (D:2)
203 creatures vanquished.

Notes
Turn   | Place    | Note
--------------------------------------------------------------
     0 | D:1      | tab2win, the Minotaur Fighter, began the quest for the Orb.
     0 | D:1      | Reached XP level 1. HP: 19/19 MP: 1/1
   197 | D:1      | Reached XP level 2. HP: 20/26 MP: 1/1
   923 | D:2      | Reached skill level 4 in Long Blades
   923 | D:2      | Reached XP level 3. HP: 26/31 MP: 2/2
  1071 | D:2      | Reached skill level 1 in Dodging
  1081 | D:2      | Reached XP level 4. HP: 23/39 MP: 2/2
  1091 | D:2      | Reached skill level 5 in Long Blades
  1324 | D:2      | Found a sparkling altar of Nemelex Xobeh.
  1324 | D:2      | Found a glowing golden altar of the Shining One.
  1331 | D:2      | Found a blossoming altar of Fedhas.
  1468 | D:3      | Noticed Jessica
  1471 | D:3      | Killed Jessica
  1792 | D:3      | Reached skill level 6 in Long Blades
  1792 | D:3      | Reached XP level 5. HP: 35/45 MP: 2/2
  2160 | D:4      | Reached skill level 7 in Long Blades
  2290 | D:4      | Reached XP level 6. HP: 32/51 MP: 3/3
  2298 | D:4      | Found an ancient bone altar of Kikubaaqudgha.
  2715 | D:4      | Reached skill level 8 in Long Blades
  2746 | D:4      | Found an iron altar of Okawaru.
  2749 | D:4      | Became a worshipper of Warmaster Okawaru
  2997 | D:5      | Entered Level 5 of the Dungeon
  3242 | D:5      | Found an iron altar of Okawaru.
  3325 | D:5      | Paralysed by a giant eyeball for 2 turns
  3401 | D:5      | Reached skill level 9 in Long Blades
  3401 | D:5      | Reached XP level 7. HP: 52/57 MP: 3/3
  3578 | D:5      | Found a bloodstained altar of Trog.
  3821 | D:6      | Found a glowing silver altar of Zin.
  4273 | D:6      | Reached skill level 10 in Long Blades
  4814 | D:7      | Acquired Okawaru's first power
  4814 | D:7      | Reached skill level 1 in Stealth
  4870 | D:7      | Found a staircase to the Ecumenical Temple.
  4906 | D:7      | Reached XP level 8. HP: 62/64 MP: 3/3
  4992 | D:7      | Reached skill level 11 in Long Blades
  5281 | D:8      | Reached skill level 12 in Long Blades
  5288 | D:8      | Noticed Grum
  5303 | D:8      | Reached skill level 5 in Shields
  5492 | D:8      | Found a white marble altar of Elyvilon.
  5734 | D:8      | Reached XP level 9. HP: 65/72 MP: 4/4
  5757 | D:8      | Found Ferug's Antique Weapon Boutique.
  5762 | D:8      | Bought an ancient long sword for 246 gold pieces
  5763 | D:8      | Identified the -1,-1 long sword "Ogrebane" {holy, Str-2} (You bought it in a shop on level 8 of the Dungeon)
  5810 | D:8      | Reached skill level 5 in Armour
  5915 | D:8      | Found a radiant altar of Vehumet.
  5999 | D:8      | Reached skill level 13 in Long Blades
  6052 | D:8      | Slain by Grum

Action                   |  1- 3 |  4- 6 |  7- 9 || total
-------------------------+-------+-------+-------++-------
Melee: Long sword        |    81 |   306 |   337 ||   724
Invok: Heroism           |       |       |     1 ||     1
Evoke: Wand              |       |       |     2 ||     2
  Use: Scroll            |       |     9 |     3 ||    12
       Potion            |       |       |     2 ||     2
